 Dungeon Crawl Stone Soup version 0.28-a0-1032-ga8db75c868 (webtiles) character file.

Game seed: 9237045124023970407

66 Glokmah the Poker (level 3, -6/27 (28) HPs)
             Began as a Demonspawn Gladiator on Dec 7, 2021.
             Was an Initiate of Gozag.
             Mangled by Crazy Yiuf (10 damage)
             ... on level 3 of the Dungeon.
             The game lasted 00:02:36 (2827 turns).

Glokmah the Poker (Demonspawn Gladiator)            Turns: 2827, Time: 00:02:37

HP:   -6/27 (28)    AC:  6    Str: 16    XL:     3   Next: 96%
MP:   3/3           EV: 11    Int:  9    God:    Gozag
Gold: 72            SH:  0    Dex: 14    Spells: 2/2 levels left

rFire   . . .      SeeInvis .   a - +0 trident
rCold   . . .      Faith    .   (no shield)
rNeg    . . .      Spirit   .   g - +0 ring mail
rPois   .          Reflect  .   c - +0 helmet
rElec   .          Harm     .   (no cloak)
rCorr   .          Rampage  .   (no gloves)
Will    .....                   (no boots)
Stlth   +.........              m - amulet of magic regeneration
HPRegen 0.09/turn               (no ring)
MPRegen 0.48/turn               (no ring)

@: lightly drained
A: demonic guardian 1
a: Renounce Religion, Potion Petition, Call Merchant, Bribe Branch


You were on level 3 of the Dungeon.
You worshipped Gozag.
Gozag was noncommittal.
You visited 1 branch of the dungeon, and saw 3 of its levels.

You collected 88 gold pieces.
You paid 16 gold pieces to Gozag.

Inventory:

Hand Weapons
 a - a +0 trident (weapon)
Missiles
 d - 3 throwing nets (quivered)
 e - 37 poisoned darts
Armour
 b - a +0 leather armour
 c - a +0 helmet (worn)
 g - a +0 ring mail (worn)
Jewellery
 m - an amulet of magic regeneration (around neck)
Scrolls
 h - 3 scrolls of identify {unknown}
 i - 2 scrolls of teleportation {unknown}
 l - a scroll of vulnerability {unknown}
 n - a scroll of fog {unknown}
Potions
 f - a potion of attraction {unknown}
 j - a potion of haste {unknown}
 k - a potion of berserk rage {unknown}
 o - a potion of curing {unknown}


   Skills:
 + Level 2.6 Fighting
 * Level 3.6 Polearms
 + Level 2.3 Throwing
 - Level 2.7 Dodging
 - Level 0.2 Stealth


You had 2 spell levels left.
You didn't know any spells.
Your spell library contained the following spells:

 Spells                   Type           Power      Damage    Failure   Level
 Olgreb's Toxic Radiance  Pois           0%         N/A       100%        4
 Ozocubu's Refrigeration  Ice            0%         4d5       100%        7
 Ignition                 Fire           0%         3d3       100%        8


Dungeon Overview and Level Annotations

Branches:
Dungeon (3/15)

Altars:
Elyvilon
Gozag
Zin

Annotations:
D:3 Crazy Yiuf


Innate Abilities, Weirdness & Mutations

A weak demonic guardian rushes to your aid.


Message History

Crazy Yiuf hits you with a +3 quarterstaff of chaos.
You hit Crazy Yiuf.
Crazy Yiuf is moderately wounded.
Crazy Yiuf grits, "Fire chair bag!"
Crazy Yiuf barely misses you.
You hit Crazy Yiuf.
Crazy Yiuf is heavily wounded.
Crazy Yiuf barely misses you.
You hit Crazy Yiuf.
Crazy Yiuf is severely wounded.
Crazy Yiuf hits you but does no damage.
You closely miss Crazy Yiuf.
Crazy Yiuf is severely wounded.
Crazy Yiuf closely misses you.
You hit Crazy Yiuf but do no damage.
Crazy Yiuf is severely wounded.
Crazy Yiuf hits you with a +3 quarterstaff of chaos. x2
A demonic guardian appears!
You feel drained.
You hit Crazy Yiuf.
Crazy Yiuf is severely wounded.
Your quasit bites Crazy Yiuf but does no damage.
Your quasit claws Crazy Yiuf but does no damage. x2
Crazy Yiuf misses you.
You closely miss Crazy Yiuf.
Crazy Yiuf is severely wounded.
Your quasit bites Crazy Yiuf.
Your quasit barely misses Crazy Yiuf.
Your quasit claws Crazy Yiuf but does no damage.
Crazy Yiuf hits you with a +3 quarterstaff of chaos!
* * * LOW HITPOINT WARNING * * *
Crazy Yiuf freezes you.
* * * LOW HITPOINT WARNING * * *
Your quasit bites Crazy Yiuf but does no damage.
Your quasit claws Crazy Yiuf but does no damage. x2
You hit Crazy Yiuf.
Crazy Yiuf is almost dead.
Your quasit barely misses Crazy Yiuf.
Your quasit closely misses Crazy Yiuf.
Your quasit barely misses Crazy Yiuf.
Crazy Yiuf hits you with a +3 quarterstaff of chaos!
You die...
Your body crumbles into a pile of gold.

#......#.##.#
#.####.#.##.#
#.#.......<.#
....##.###### ..####.#
###### #.####.## .....
#.......##♣♣ ### #....
#.####..#..♣♣ ♣♣#..)#
#... #.##
#......♣♣♣♣@g...# #..#
...# ##......♣..♣#5..#
#..# ...# ###...♣.♣♣♣ ###
#..### ...#######♣♣♣♣♣
#<.... ........# #...>.
........#################
####.#
........................#
####.#
........#.##....###.....#
#....# ...####.#.......#
#.....# #.####


You could see Crazy Yiuf (ally target) and a friendly quasit (summoned).

Vanquished Creatures
  A centaur skeleton (D:3)
  A dart slug (D:3)
  4 endoplasms
  2 goblins (D:1)
  7 hobgoblins
  3 jackals (D:2)
  A quokka (D:1)
  4 ball pythons
  A frilled lizard (D:1)
  4 kobolds
  3 rats
31 creatures vanquished.

Vanquished Creatures (collateral kills)
  2 goblins
  A kobold (D:2)
3 creatures vanquished.

Grand Total: 34 creatures vanquished

Notes
Turn   | Place    | Note
-------+----------+-------------------------------------------
     0 | D:1      | Glokmah the Demonspawn Gladiator began the quest for the
                  | Orb.
     0 | D:1      | Reached XP level 1. HP: 16/16 MP: 1/1
   335 | D:1      | Reached skill level 3 in Polearms
   335 | D:1      | Gained mutation: A weak demonic guardian rushes to your
                  | aid. [demonic ancestry]
   335 | D:1      | Reached XP level 2. HP: 21/22 MP: 2/2
   722 | D:1      | Found a faded altar of an unknown god.
  1767 | D:2      | Reached XP level 3. HP: 20/28 MP: 3/3
  2543 | D:3      | Found an opulent altar of Gozag.
  2548 | D:3      | Became a worshipper of Gozag Ym Sagoz the Greedy
  2814 | D:3      | Found a runed translucent door.
  2815 | D:3      | Noticed Crazy Yiuf
  2827 | D:3      | Mangled by Crazy Yiuf

Illustrated notes

Levels and vault maps discovered:
D:1:      ebering_trefoil_twist, layout_basic,
          hellmonk_ecumenical_altar_blasted, serial_bayou_crossing
D:2:      layout_basic
D:3:      layout_loops_cross, grunt_temple_overflow_gold_and_silver,
          mainiacjoe_overflow_catwalk, uniq_grinder, uniq_crazy_yiuf_cottage

Skill      XL: |  1  2 |
---------------+-------+-----
Polearms       | 3 |  3.6
Throwing       | 2 |  2.3
Fighting       | |  2.6
Dodging        | |  2.7
Stealth        | |  0.2

Action                   || total
-------------------------++-------
Melee: Trident           ||   107
 Stab: Sleeping          ||     2
Armor: Leather armour    ||     1
       Ring mail         ||    27
Dodge: Dodged            ||    45

Table legend: (Time is in decaauts)
 A = Elapsed time spent in this place.
 B = Non-inter-level travel time spent in this place.
 C = Inter-level travel time spent in this place.
 D = Time resting spent in this place.
 E = Time spent auto-exploring this place.
 F = Levels seen in this place.
 G = Mean time per level.
                   A        B        C        D        E       F      G
               +--------+--------+--------+--------+--------+-----+--------+
         Total |   2853 |   2729 |    124 |      0 |   2408 |   3 |  951.0 |
       Dungeon |   2853 |   2729 |    124 |      0 |   2408 |   3 |  951.0 |
               +--------+--------+--------+--------+--------+-----+--------+

Top non-repeatable levels by time:
     D:2: 1434 daAuts
     D:1: 1010 daAuts
     D:3: 408 daAuts
